 Dungeon Crawl Stone Soup version 0.24-a0-417-g1cce26a4d2 (webtiles) character file.

Game seed: 6224846864468985052

1045 HAL9000 the Slicer (level 8, -9/38 HPs)
             Began as a Vine Stalker Assassin on June 10, 2019.
             Mangled by an ogre
             ... wielding a +0 giant club
              (14 damage)
             ... on level 6 of the Dungeon.
             The game lasted 00:09:22 (4073 turns).

HAL9000 the Slicer (Vine Stalker Assassin)          Turns: 4073, Time: 00:09:23

Health: -9/38      AC:  9    Str: 16    XL:     8   Next: 25%
Magic:  0/18       EV: 11    Int: 11    God:
Gold:   308        SH:  5    Dex: 16    Spells: 7/7 levels left

rFire    . . .     SeeInvis .   q - +3 short sword
rCold    . . .     Gourm    .   (no shield)
rNeg     . . .     Faith    .   v - +0 leather armour
rPois    .         Spirit   +   g - +0 helmet
rElec    .         Reflect  +   c - +0 cloak
rCorr    .         Harm     .   (no gloves)
MR       +....                  (no boots)
Stlth    +++.......             o - +5 amulet of reflection
HPRegen  0.52/turn              l - +4 ring of protection
MPRegen  0.16/turn              s - ring of magical power

@: no status effects
A: fangs 3, regeneration 1, magic shield, antimagic bite, no potion heal 3, rot
immunity
a: no special abilities


You were on level 6 of the Dungeon.
You were not hungry.

You visited 1 branch of the dungeon, and saw 6 of its levels.
You also visited: Sewer.

You collected 308 gold pieces.

Inventory:

Hand Weapons
 a - a +2 dagger
 q - a +3 short sword (weapon)
Missiles
 d - 8 poisoned darts
 e - 2 curare-tipped darts (quivered)
Armour
 c - a +0 cloak (worn)
 g - a +0 helmet (worn)
 v - a +0 leather armour (worn)
Jewellery
 l - a +4 ring of protection (left hand)
 o - a +5 amulet of reflection (around neck)
 s - a ring of magical power (right hand)
Wands
 D - a wand of flame (4)
Scrolls
 b - 2 scrolls of blinking {unknown}
 h - 2 scrolls of enchant weapon
 i - 4 scrolls of amnesia
 j - 3 scrolls of remove curse
 m - a scroll of teleportation
 r - 3 scrolls of enchant armour
 w - a scroll of magic mapping {unknown}
 x - a scroll of fog {unknown}
 y - a scroll of fear {unknown}
Potions
 k - a potion of heal wounds {unknown}
 n - 2 potions of ambrosia
 p - a potion of flight
 t - 2 potions of curing
 u - a potion of mutation {unknown}
 z - a potion of haste {unknown}
 A - 2 potions of agility {unknown}
 B - a potion of cancellation {unknown}
Comestibles
 f - 9 rations
 C - 4 chunks of flesh


   Skills:
 - Level 1.7 Fighting
 + Level 8.8 Short Blades
 - Level 1.7 Throwing
 - Level 0.7 Dodging
 - Level 4.8 Stealth


You had 7 spell levels left.
You didn't know any spells.
Your spell library was empty.

Dungeon Overview and Level Annotations

Branches:
Dungeon (6/15)
 Temple: D:4-7

Altars:
Ashenzari
Okawaru
Sif Muna
Vehumet
Wu Jian
Xom
Yredelemnul

Annotations:
D:4 exclusion: statue
D:6 Duvessa


Innate Abilities, Weirdness & Mutations

You have razor-sharp teeth.
Your natural rate of healing is unusually fast.
When hurt, damage is shared between your health and your magic reserves.
Your bite disrupts and absorbs the magic of your enemies.
Potions cannot restore your health.
You are immune to rotting.


Message History

You skewer the ogre like a kebab!!!
You kill the ogre!
Things that are here:
a +0 giant club; an ogre corpse An ogre comes into view.
It is wielding a +0 giant club.
The ogre shouts!
Found a ration.
You puncture the ogre! Your bite misses the ogre.
The ogre is moderately wounded.
The ogre hits you with a +0 giant club!
* * * LOW HITPOINT WARNING * * *
Unknown command.
Your leather armour prevents you from hitting the ogre.
You bite the ogre. You drain its power.
You feel invigorated.
The ogre is heavily wounded.
You hit the ogre.
The ogre is severely wounded.
The orc closely misses you.
The ogre hits you with a +0 giant club!!
You die...

#.............# #...
#.............# #...
#.............# #...
#......)......# #...
####.##..##..##
####...
#.##%##..##..##
#......
...............
#......
.......o.......
#......
......O@.......
#......
......<........
#......
..##...........
#...... #
#.....##+######......
+.....#............$.
#.....#..............
###+###..............
.#########
+....e.........
.........#
#.....[........


You could see an ogre and an orc.

Vanquished Creatures
  Edmund (D:4)
  An ogre (D:6)
  Blork the orc (D:6)
  2 bullfrogs (Sewer)
  2 scorpions (D:5)
  Dowan (D:6)
  A howler monkey (D:5)
  A centaur skeleton (D:4)
  2 orc priests (D:4)
  3 orc wizards
  2 worker ants (D:4)
  13 adders
  A shadow imp (D:5)
  2 worms
  2 dart slugs
  6 leopard geckos
  10 orcs
  7 giant cockroaches
  9 goblins
  4 hobgoblins
  16 jackals
  6 kobolds
  4 quokkas
  10 ball pythons
  7 bats
  8 frilled lizards
  8 rats
  A fungus (D:3)
131 creatures vanquished.

Vanquished Creatures (others)
  4 toadstools (D:3)
4 creatures vanquished.

Grand Total: 135 creatures vanquished

Notes
Turn   | Place    | Note
-------+----------+-------------------------------------------
     0 | D:1      | HAL9000 the Vine Stalker Assassin began the quest for the
                  | Orb.
     0 | D:1      | Reached XP level 1. HP: 11/11 MP: 2/2
     5 | D:1      | Noticed an electric eel
    69 | D:1      | Reached skill level 2 in Short Blades
    90 | D:1      | Reached XP level 2. HP: 11/15 MP: 1/3
   783 | D:2      | Reached skill level 3 in Short Blades
   792 | D:2      | Reached XP level 3. HP: 18/18 MP: 4/4
  1276 | D:2      | Gained mutation: Your natural rate of healing is unusually
                  | fast. [Vine Stalker growth]
  1276 | D:2      | Reached XP level 4. HP: 23/23 MP: 5/5
  1461 | D:2      | Found an ornate altar of the Wu Jian Council.
  1461 | D:2      | Found an iron altar of Okawaru.
  1602 | D:3      | Reached skill level 4 in Short Blades
  2043 | D:3      | Reached XP level 5. HP: 26/26 MP: 6/6
  2212 | D:3      | Reached skill level 5 in Short Blades
  2386 | D:4      | Reached XP level 6. HP: 8/30 MP: 1/7
  2496 | D:4      | Noticed Edmund
  2548 | D:4      | Killed Edmund
  2548 | D:4      | Reached skill level 6 in Short Blades
  2778 | D:4      | Reached XP level 7. HP: 24/34 MP: 8/8
  2846 | D:4      | Found a radiant altar of Vehumet.
  2993 | D:4      | Found a shimmering altar of Xom.
  2996 | D:4      | Found a deep blue altar of Sif Muna.
  2999 | D:4      | Found a basalt altar of Yredelemnul.
  3103 | D:5      | Entered Level 5 of the Dungeon
  3137 | D:5      | Found a glowing drain.
  3169 | Sewer    | Entered a sewer
  3237 | Sewer    | Reached skill level 7 in Short Blades
  3685 | D:5      | Reached skill level 8 in Short Blades
  3723 | D:5      | Gained mutation: You have razor-sharp teeth. [Vine Stalker
                  | growth]
  3723 | D:5      | Reached XP level 8. HP: 38/38 MP: 9/9
  3980 | D:6      | Noticed Blork the orc
  3987 | D:6      | Killed Blork the orc
  4027 | D:6      | Noticed Duvessa
  4027 | D:6      | Noticed Dowan
  4038 | D:6      | Killed Dowan
  4056 | D:6      | Found a shattered altar of Ashenzari.
  4073 | D:6      | Mangled by an ogre

Levels and vault maps discovered:
D:1:      arrival_aquarium_a, layout_basic
D:2:      layout_loops_ring, gammafunk_temple_overflow_wave,
          minmay_misc_feat_ornament
D:3:      layout_loops_ring, first_ration, minmay_gold_behind_fungi,
          minmay_snake_closets
D:4:      layout_rooms, vehumet_statue, grunt_temple_overflow_diamond,
          uniq_edmund
D:5:      layout_cave_pools, cheibrodos_sewer_entry_sluice, lemuel_statue_altar
D:6:      layout_gridville, basic_altar, enter_ossuary_2, serial_park_tiny_1,
          minmay_fractal_squares_gapless_5, uniq_duvessa, uniq_blork_the_orc

Skill      XL: |  1  2  3  4  5  6  7 |
---------------+----------------------+-----
Short Blades   | 2 3 4 5 6 8 |  8.8
Fighting       | |  1.7
Throwing       | |  1.7
Dodging        | |  0.7
Stealth        | |  4.8

Action                   |  1- 3 |  4- 6 |  7- 9 || total
-------------------------+-------+-------+-------++-------
Melee: Dagger            |    91 |       |       ||    91
       Bite              |    24 |    51 |    36 ||   111
       Short sword       |    12 |   185 |   145 ||   342
Throw: Dart              |       |     5 |       ||     5
  Use: Scroll            |     1 |     1 |     8 ||    10
       Potion            |       |       |     1 ||     1
 Stab: Sleeping          |     8 |    11 |     6 ||    25
       Distracted        |     1 |     1 |       ||     2
  Eat: Chunk             |     1 |     5 |     4 ||    10
Armor: Robe              |    47 |     2 |       ||    49
       Leather armour    |       |    37 |    50 ||    87
Dodge: Dodged            |    65 |    80 |    68 ||   213
Block: Other             |     4 |    29 |    30 ||    63
       Reflection        |       |     1 |       ||     1

Table legend:
 A = Non-vault XP
 B = Vault XP
 C = Vault XP percentage of total XP
 D = Non-vault monster count
 E = Vault monster count
 F = Vault count percentage of total count
                 A         B        C        D         E       F
            +---------+---------+-------+---------+---------+-------
      Total |     825 |     668 |  44.7 |      97 |      33 |  25.4
            +---------+---------+-------+---------+---------+-------
        D:1 |      26 |       0 |   0.0 |      17 |       0 |   0.0
        D:2 |      68 |       0 |   0.0 |      26 |       0 |   0.0
        D:3 |      67 |      84 |  55.6 |      22 |      10 |  31.2
        D:4 |     272 |     171 |  38.6 |      19 |       1 |   5.0
        D:5 |     274 |       7 |   2.5 |      12 |       3 |  20.0
        D:6 |     118 |     169 |  58.9 |       1 |       2 |  66.7
      Sewer |       0 |     237 | 100.0 |       0 |      17 | 100.0
            +---------+---------+-------+---------+---------+-------
